 Dungeon Crawl Stone Soup version 0.16-a0-3465-g53c7d0b (webtiles) character file.

68 JaMaZz the Magician (level 4, -2/36 HPs)
             Began as a Naga Wizard on Jan 2, 2015.
             Was an Initiate of the Shining One (penitent).
             Slain by Grinder (4 damage)
             ... while paralysed by Grinder
             ... on level 3 of the Dungeon.
             The game lasted 00:21:21 (2734 turns).

JaMaZz the Magician (Naga Wizard)                   Turns: 2734, Time: 00:21:21

Health: -2/36      AC:  4    Str: 10    XL:     4   Next: 19%
Magic:  4/10       EV:  1    Int: 18    God:    the Shining One [*]
Gold:   130        SH:  0    Dex: 15    Spells: 3 memorised, 5 levels left

rFire  + . .     SeeInvis +     v - wand of magic darts (48)
rCold  . . .     Clarity  .     n - +1 ring mail
rNeg   . . .     SustAb   .     (no shield)
rPois  +         Gourm    .     s - +0 hat
rElec  .         Spirit   .     (no cloak)
rCorr  .         Warding  .     (no gloves)
rMut   .         Stasis   .     (no barding)
MR     .....                    (no amulet)
Stlth  +++.......               (no ring)
                                k - ring of protection from fire

@: paralysed, agile, very slightly contaminated, very slow, not resistant to
hostile enchantments, fairly stealthy
A: spit poison, see invisible, deformed body, poison resistance, slowness 2, AC
+1
a: Spit Poison, Renounce Religion


You were on level 3 of the Dungeon.
You worshipped the Shining One.
The Shining One was demanding penance.
You were not hungry.

You visited 1 branch of the dungeon, and saw 3 of its levels.

You collected 130 gold pieces.

Inventory:

Missiles
 f - 18 stones (quivered)
 j - 9 exploding sling bullets
Armour
 a - a +0 robe
 b - a +0 hat
 e - a +0 leather armour
 h - a +0 leather armour
 i - a +0 ring mail
 m - a +0 robe
 n - a +1 ring mail (worn)
 s - a +0 hat (worn)
Jewellery
 k - a ring of protection from fire (left hand)
Magical devices
 v - a wand of magic darts (48) (in hand)
 w - a wand of frost (28)
Scrolls
 l - 2 scrolls of immolation
 q - a scroll of identify
Books
 c - a book of Minor Magic

   Spells                             Type                      Level
   a - Magic Dart                     Conjuration                  1
   b - Blink                          Translocation                2
   c - Call Imp                       Summoning                    2
   d - Repel Missiles                 Charms/Air                   2
   e - Slow                           Hexes                        2
   f - Conjure Flame                  Conjuration/Fire             3
   g - Mephitic Cloud                 Conjuration/Poison/Air       3
Comestibles
 g - 2 meat rations
 t - 2 bread rations


   Skills:
 + Level 0.2 Fighting
 + Level 0.1 Armour
 + Level 2.3 Dodging
 + Level 3.0 Stealth
 + Level 0.4 Unarmed Combat
 + Level 3.9 Spellcasting
 + Level 1.1 Conjurations
 + Level 1.2 Summonings
 + Level 1.0 Translocations


You had 5 spell levels left.
You knew the following spells:

 Your Spells              Type           Power        Failure   Level  Hunger
a - Magic Dart            Conj           #...         17%         1    None
b - Call Imp              Summ           #.......     28%         2    ##.....
c - Blink                 Tloc           N/A          34%         2    ##.....


Dungeon Overview and Level Annotations

Branches:
Dungeon (3/15)

Altars:
Ru
The Shining One

Annotations:
D:3 Grinder


Innate Abilities, Weirdness & Mutations

You cannot wear boots.
You can spit poison.
Your serpentine skin is tough (AC +1).
You have supernaturally acute eyesight.
Armour fits poorly on your strangely shaped body.
Your system is resistant to poisons.
You cover ground very slowly.


Message History

The kobold barely misses you. The kobold barely misses you.
The kobold hits you but does no damage. Grinder completely misses you.
The kobold misses you.
You see here 2 stones.
The crimson imp disappears in a puff of smoke!
The kobold misses you.
Grinder gestures.
Grinder blinks!
The kobold misses you. Grinder gestures at you.
You resist with significant effort. The kobold closely misses you.
The kobold throws a stone.
The stone closely misses you. The kobold barely misses you.
You see here a stone.
Grinder hits you but does no damage.
The kobold throws a stone.
The stone hits you but does no damage.
You see here a stone.
Grinder gestures at you.
You suddenly lose the ability to move!
Grinder hits you.
You die...

###########
####.(..(5@..#
#.....<..KK..#
#.##....[....#
# #.........#
#.........#
#.........#
#.........#
#.........#
#.....=..


You could see Grinder and 2 kobolds.

Vanquished Creatures
  3 adders (D:2)
  A giant gecko (D:2)
  An ooze (D:1)
  2 ball pythons
  5 goblins
  3 hobgoblins (D:1)
  9 bats
  A giant newt (D:1)
  4 kobolds
  3 rats
32 creatures vanquished.

Vanquished Creatures (collateral kills)
  A worm (D:2)
  2 goblins (D:2)
  A hobgoblin (D:2)
  A giant newt (D:2)
  2 rats (D:2)
7 creatures vanquished.

Grand Total: 39 creatures vanquished

Notes
Turn   | Place    | Note
--------------------------------------------------------------
     0 | D:1      | JaMaZz, the Naga Wizard, began the quest for the Orb.
     0 | D:1      | Reached XP level 1. HP: 15/15 MP: 4/4
   242 | D:1      | Reached XP level 2. HP: 10/22 MP: 1/6
  1245 | D:1      | Learned a level 2 spell: Call Imp
  1248 | D:1      | Learned a level 2 spell: Blink
  1308 | D:2      | Reached XP level 3. HP: 28/28 MP: 5/8
  2150 | D:2      | Reached XP level 4. HP: 33/36 MP: 0/10
  2489 | D:2      | Found a sacrificial altar of Ru.
  2493 | D:2      | Found a glowing golden altar of the Shining One.
  2512 | D:2      | Became a worshipper of the Shining One
  2718 | D:3      | Noticed Grinder
  2722 | D:3      | Was placed under penance by the Shining One
  2727 | D:3      | HP: 1/36 [Grinder (2)]
  2733 | D:3      | Paralysed by Grinder for 7 turns
  2734 | D:3      | Slain by Grinder

Action                   |  1- 3 |  4- 6 || total
-------------------------+-------+-------++-------
Melee: Unarmed           |    45 |       ||    45
Throw: Stone             |     5 |       ||     5
 Cast: Magic Dart        |    62 |    11 ||    73
       Call Imp          |     7 |     2 ||     9
 Abil: Spit Poison       |     3 |       ||     3
Evoke: Wand              |     4 |       ||     4
  Use: Scroll            |     2 |     3 ||     5
       Potion            |       |     2 ||     2
  Eat: Bread ration      |     1 |       ||     1
       Meat ration       |       |     1 ||     1
